 Dungeon Crawl Stone Soup version 0.28-a0-828-g0121872642 (webtiles) character file.

Game seed: 13618625587628975472

5313 croobank the Digger (level 10, -3/82 (83) HPs)
             Began as a Red Draconian Earth Elementalist on Nov 10, 2021.
             Was a High Priest of Ru.
             Killed from afar by an acid dragon (25 damage)
             ... with a splash of acid
             ... on level 9 of the Dungeon on Nov 11, 2021.
             The game lasted 01:25:37 (9754 turns).

croobank the Digger (DrEE)                          Turns: 9754, Time: 01:26:06

HP:   -3/82 (83)    AC: 10    Str: 13    XL:     10   Next: 37%
MP:   0/25          EV: 11    Int: 20    God:    Ru [*****.]
Gold: 308           SH:  8    Dex: 16    Spells: 3/17 levels left

rFire   . . .      SeeInvis +   N - +2 long sword "Ykuthral" {elec, Dex+3}
rCold   + + +      Faith    .   g - +3 buckler {rC+}
rNeg    + . .      Spirit   +   (armour unavailable)
rPois   +          Reflect  .   (helmet restricted)
rElec   .          Harm     .   D - +2 ratskin cloak {*Rats rPois rN+ Str-1 Int-1 Dex+1}
rCorr   .          Rampage  .   (no gloves)
Will    +....                   (no boots)
Stlth   +++.......              L - amulet of guardian spirit
HPRegen 0.23/turn               u - ring "Emiwiyl" {Ice Will+ Slay+2}
MPRegen 0.19/turn               v - ring of Hexzaset {Contam rPois MP+9 Int+6 SInv}

@: exhausted, unable to drink, lightly drained
A: breathe fire, AC +7, unfitting armour, fire resistance 1, cold-blooded,
inability to drink while threatened, inability to train dodging, missing an eye,
stinger 1, cold resistance 1
a: Breathe Fire, Renounce Religion, Draw Out Power, Power Leap, Apocalypse


You were on level 9 of the Dungeon.
You worshipped Ru.
Ru was extremely pleased with you.
You visited 2 branches of the dungeon, and saw 10 of its levels.

You collected 1485 gold pieces.
You spent 1177 gold pieces at shops.

Inventory:

Hand Weapons
 h - a +2 dagger of venom
 l - a +2 vorpal hand axe
 o - a +0 short sword
 p - a +4 quarterstaff of chaos
 w - a +0 war axe
 x - a +2 hand axe of freezing
 B - a +0 great mace
 E - a +1 flail of holy wrath
 N - the +2 long sword "Ykuthral" (weapon) {elec, Dex+3}
   (You found it on level 8 of the Dungeon)

   It occasionally discharges a powerful burst of electricity upon striking a
   foe.
   Dex:       It affects your dexterity (+3).
Missiles
 b - 149 stones
 f - 4 boomerangs
 F - 2 javelins
Armour
 g - a +3 buckler of cold resistance (worn)
 q - a +1 cloak of stealth
 D - the +2 ratskin cloak (worn) {*Rats rPois rN+ Str-1 Int-1 Dex+1}
   (You found it on level 6 of the Dungeon)

   When the wearer is hurt, rats may emerge from it to assist them.
   Str:       It affects your strength (-1).
   Int:       It affects your intelligence (-1).
   Dex:       It affects your dexterity (+1).
   rPois:     It protects you from poison.
   rN:        It protects you from negative energy.
Magical Staves
 i - a staff of air
 j - a staff of cold
Jewellery
 u - the ring "Emiwiyl" (left hand) {Ice Will+ Slay+2}
   (You acquired it on level 3 of the Dungeon)

   [ring of ice]

   It enhances your ice magic.
   Slay:      It affects your accuracy & damage with ranged weapons and melee
   (+2).
   rF:        It makes you vulnerable to fire.
   rC:        It protects you from cold.
   Will:      It increases your willpower.
 v - the ring of Hexzaset (right hand) {Contam rPois MP+9 Int+6 SInv}
   (You bought it in a shop on level 2 of the Dungeon)

   [ring of intelligence]

   Int:       It affects your intelligence (+6).
   rPois:     It protects you from poison.
   MP:        It affects your magic capacity (+9).
   SInv:      It lets you see invisible.
   Contam:    It causes magical contamination when unequipped.
 L - an amulet of guardian spirit (around neck)
Wands
 G - a wand of flame (22)
 I - a wand of paralysis (7)
 J - a wand of acid (7)
Scrolls
 k - 3 scrolls of amnesia
 n - 2 scrolls of teleportation {unknown}
 s - a scroll of magic mapping
 y - a scroll of enchant weapon {unknown}
 z - 3 scrolls of fear {unknown}
 A - a scroll of vulnerability {unknown}
 C - a scroll of blinking {unknown}
 O - a scroll of enchant armour
Potions
 a - a potion of might
 c - a potion of heal wounds
 d - 2 potions of attraction
 e - 2 potions of resistance
 m - 2 potions of curing
 r - 2 potions of ambrosia
 H - 3 potions of haste {unknown}
 M - a potion of flight {unknown}


   Skills:
 * Level 6.1 Fighting
 * Level 6.2(7.0) Short Blades
 * Level 4.6(6.1) Long Blades
 + Level 6.0(6.1) Axes
 + Level 1.1(3.9) Maces & Flails
 + Level 0.1 Throwing
 + Level 4.1 Stealth
 + Level 4.4 Shields
 + Level 0.3 Unarmed Combat
 + Level 4.4 Spellcasting
 + Level 1.3 Transmutations
 * Level 7.1 Earth Magic


You had 3 spell levels left.
You knew the following spells:

 Your Spells              Type           Power      Damage    Failure   Level
a - Sandblast             Erth           64%        2d14      1%          1
b - Wereblood             Tmut           9%         N/A       11%         2
c - Slow                  Hex            16%        N/A       12%         1
d - Stone Arrow           Conj/Erth      36%        3d9       9%          3
e - Spider Form           Tmut/Pois      7%         N/A       28%         3
f - Blink                 Tloc           8%         N/A       19%         2
g - Passwall              Tmut/Erth      17%        N/A       3%          2

Your spell library contained the following spells:

 Spells                   Type           Power      Damage    Failure   Level
 Beastly Appendage        Tmut           18%        N/A       7%          1
 Summon Guardian Golem    Hex/Summ       4%         N/A       36%         3
 Petrify                  Tmut/Erth      21%        N/A       22%         4
 Leda's Liquefaction      Hex/Erth       9%         N/A       28%         4
 Manifold Assault         Tloc           4%         N/A       98%         5
 Eringya's Noxious Bog    Tmut/Pois      3%         N/A       100%        6
 Storm Form               Tmut/Air       3%         N/A       100%        7


Dungeon Overview and Level Annotations

Branches:
Dungeon (9/15)             Temple (1/1) D:4
   Lair: D:8-11         Orc: D:9-12

Altars:
Ashenzari
Cheibriados
Dithmenos
Elyvilon
Fedhas
Gozag
Hepliaklqana
Kikubaaqudgha
Makhleb
Nemelex Xobeh
Okawaru
Qazlal
Ru
Sif Muna
Trog
Vehumet
Wu Jian
Xom
Yredelemnul
Zin
The Shining One

Shops:
D:2 (!(**   D:3 ?


Innate Abilities, Weirdness & Mutations

You can breathe blasts of fire.
Your fiery red scales are hard. (AC +7)
You cannot fit into any form of body armour.
Your flesh is heat resistant. (rF+)
You are cold-blooded and may be slowed by cold attacks.
You sometimes lose the ability to drink potions when taking damage.
You cannot train Dodging skill.
You are missing an eye, making it more difficult to aim.
Your tail ends in a venomous barb.
Your flesh is cold resistant. (rC+)


Message History

The acid dragon spits acid at you. The splash of acid hits your hell rat!!
The acid corrodes your hell rat!
Your hell rat dies!
Press: ? - help, Shift-Dir - straight line, f - you
Okay, then.
Aiming: Throw Flame
Press: ? - help, Shift-Dir - straight line, f - acid dragon
Aim: an acid dragon (heavily wounded, catching its breath, 36% to hit)
The puff of flame hits the acid dragon.
The acid dragon is severely wounded.
Aiming: Throw Flame
Press: ? - help, Shift-Dir - straight line, f/p - acid dragon
Aim: an acid dragon (severely wounded, 36% to hit)
The puff of flame misses the acid dragon.
Aiming: Throw Flame
Press: ? - help, Shift-Dir - straight line, f/p - acid dragon
Aim: an acid dragon (severely wounded, 36% to hit)
The puff of flame hits the acid dragon.
The acid dragon is severely wounded.
Aiming: Sandblast (safe; 1% risk of failure)
Press: ? - help, Q - select action, (/) - cycle Shift-Dir - straight line, f - you, p - acid dragon
Okay, then.
Aiming: Sandblast (safe; 1% risk of failure)
Press: ? - help, Q - select action, (/) - cycle Shift-Dir - straight line, f - you, p - acid dragon
Okay, then.
Aiming: Paralyse
Press: ? - help, Shift-Dir - straight line, f/p - acid dragon
Aim: an acid dragon (severely wounded, chance to affect: 46%)
Okay, then.
Aiming: Throw Flame
Press: ? - help, Shift-Dir - straight line, f/p - acid dragon
Aim: an acid dragon (severely wounded, 36% to hit)
Okay, then.
Aiming: Paralyse
Press: ? - help, Shift-Dir - straight line, f/p - acid dragon
Aim: an acid dragon (severely wounded, chance to affect: 46%)
The acid dragon resists with some effort.
The acid dragon spits acid at you. The splash of acid hits you!!
You die...

#.#..# #.#..#
#.#..# #
#Z#..###.#$#
#D#..p...z..
#.#....Z....
#.#Z.# #.#Z.#
#@#Zp# #)#..# ###
#....# #..
####.###########.#
#.[...........#
###############


You could see an acid dragon (catching breath) and a centaur zombie.

Vanquished Creatures
  2 necromancers (D:9)
  3 centaur zombies
  Maurice (D:8)
  A freezing wraith (D:8)
  A hornet (D:8)
  3 flying skulls (D:9)
  A wraith (D:9)
  An acid dragon (D:8)
  An ice beast (D:5)
  2 ogres (D:5)
  2 centaurs
  A phantom (D:3)
  3 bullfrogs
  2 scorpions
  2 wyvern skeletons
  5 killer bees (D:9)
  5 hounds
  Crazy Yiuf (D:3)
  Ijyb (D:3)
  Jessica (D:2)
  A bullfrog skeleton (D:5)
  3 iguanas
  An orc wizard (D:4)
  A hell rat (D:6)
  A hound zombie (D:5)
  A hound skeleton (D:4)
  A howler monkey zombie (D:8)
  2 howler monkey skeletons
  7 adders
  22 river rats (D:6)
  A white imp (D:5)
  5 worms
  4 dart slugs
  13 orcs
  6 ball pythons
  3 endoplasms
  4 giant cockroaches
  9 goblins
  9 hobgoblins
  5 jackals (D:3)
  3 quokkas
  5 bats
  5 frilled lizards
  13 kobolds
  7 rats
  A spectral hobgoblin (D:1)
172 creatures vanquished.

Vanquished Creatures (collateral kills)
  An ugly thing (D:8)
  A wyvern (D:7)
  2 centaur zombies
4 creatures vanquished.

Vanquished Creatures (others)
  A river rat (D:6)
  An endoplasm (D:2)
  A plant (D:6)
3 creatures vanquished.

Grand Total: 179 creatures vanquished

Notes
Turn   | Place    | Note
-------+----------+-------------------------------------------
     0 | D:1      | croobank the Draconian Earth Elementalist began the quest
                  | for the Orb.
     0 | D:1      | Reached XP level 1. HP: 14/14 MP: 3/3
   176 | D:1      | Reached XP level 2. HP: 20/20 MP: 3/5
   730 | D:1      | Learned a level 2 spell: Wereblood
   755 | D:1      | Reached XP level 3. HP: 26/26 MP: 4/6
   847 | D:1      | Found a faded altar of an unknown god.
   866 | D:1      | Prayed at the altar of an unknown god.
   866 | D:1      | Became a worshipper of Ru the Awakened
   877 | D:1      | Gained mutation: You cannot train Dodging skill. [Ru
                  | sacrifice]
   877 | D:1      | Reached * piety under Ru
   877 | D:1      | Reached ** piety under Ru
  1130 | D:2      | Found Bedghek's Antique Weapon Shop.
  1157 | D:2      | Found Jaixuakh's Distillery.
  1167 | D:2      | Bought a potion of berserk rage for 55 gold pieces
  1247 | D:2      | Found Amutem's Assorted Antiques.
  1253 | D:2      | Bought a scroll of identify for 42 gold pieces
  1274 | D:2      | Got the Catalogue of Noxious Execration
  1277 | D:2      | Learned a level 1 spell: Slow
  1287 | D:2      | Noticed Jessica
  1293 | D:2      | Killed Jessica
  1456 | D:2      | Reached XP level 4. HP: 34/34 MP: 5/7
  1468 | D:2      | Reached skill level 1 in Fighting
  1516 | D:2      | Found Piurejyu's Assorted Antiques.
  1682 | D:2      | Found Hydere's Weapon Boutique.
  1730 | D:2      | Gained mutation: Your magical capacity is low. (-10% MP)
                  | [potion of mutation]
  1730 | D:2      | Gained mutation: Your tail ends in a venomous barb. [potion
                  | of mutation]
  1730 | D:2      | Gained mutation: Your flesh is cold resistant. (rC+)
                  | [potion of mutation]
  1730 | D:2      | Lost mutation: Your magical capacity is low. (-10% MP)
                  | [potion of mutation]
  1733 | D:2      | Reached skill level 1 in Maces & Flails
  2306 | D:2      | Bought a scroll of identify for 52 gold pieces
  2306 | D:2      | Identified 2 scrolls of acquirement
  2445 | D:2      | Found Amutem's Assorted Antiques.
  2661 | D:3      | Noticed a phantom
  2672 | D:3      | Reached skill level 1 in Short Blades
  2811 | D:3      | Reached XP level 5. HP: 40/40 MP: 6/9
  2832 | D:3      | Killed a phantom
  2833 | D:3      | Reached skill level 4 in Earth Magic
  3049 | D:3      | Learned a level 3 spell: Stone Arrow
  3121 | D:3      | Found a runed translucent door.
  3122 | D:3      | Noticed Crazy Yiuf
  3131 | D:3      | Killed Crazy Yiuf
  3513 | D:3      | Reached XP level 6. HP: 39/48 MP: 6/10
  3689 | D:3      | Noticed Ijyb
  3723 | D:3      | Killed Ijyb
  3849 | D:3      | Learned a level 3 spell: Spider Form
  3880 | D:3      | Found Juexut's Magic Scroll Shop.
  3888 | D:3      | Acquired 1101 gold pieces
  3890 | D:3      | Bought a scroll of identify for 22 gold pieces
  3890 | D:3      | Bought a scroll of identify for 22 gold pieces
  3890 | D:3      | Bought a scroll of identify for 22 gold pieces
  3890 | D:3      | Bought a scroll of acquirement for 572 gold pieces
  3893 | D:3      | Acquired the ring "Emiwiyl" {Ice Will+ Slay+2}
  3894 | D:3      | Acquired a +2 buckler of cold resistance
  3980 | D:2      | Found Piurejyu's Assorted Antiques.
  3988 | D:2      | Bought a bound golden ring for 130 gold pieces
  3988 | D:2      | Identified the ring of Hexzaset {Contam rPois MP+9 Int+6
                  | SInv} (You bought it in a shop on level 2 of the Dungeon)
  3988 | D:2      | Bought a scroll of identify for 52 gold pieces
  3988 | D:2      | Bought a glowing hand axe for 156 gold pieces
  3988 | D:2      | Bought a scroll labelled PECHUTR REOVIEG for 26 gold pieces
  3988 | D:2      | Bought a scroll labelled EPTINN EPEO for 26 gold pieces
  4282 | D:2      | Found Hydere's Weapon Boutique.
  4339 | D:2      | Found Jaixuakh's Distillery.
  4681 | D:4      | Found a staircase to the Ecumenical Temple.
  4703 | D:4      | Reached skill level 1 in Axes
  4951 | D:4      | Gained mutation: You are missing an eye, making it more
                  | difficult to aim. [Ru sacrifice]
  4951 | D:4      | Reached *** piety under Ru
  5157 | Temple   | Entered the Ecumenical Temple
  5491 | D:5      | Entered Level 5 of the Dungeon
  5549 | D:5      | Noticed an ice beast
  5575 | D:5      | Killed an ice beast
  5576 | D:5      | Your scales start taking on a fiery red colour.
  5576 | D:5      | Reached XP level 7. HP: 42/56 MP: 11/11
  5576 | D:5      | Gained mutation: Your flesh is heat resistant. (rF+) [Red
                  | Draconian growth]
  5688 | D:5      | Reached skill level 1 in Shields
  5817 | D:5      | Reached skill level 5 in Earth Magic
  5817 | D:5      | Reached XP level 8. HP: 45/63 MP: 13/13
  5938 | D:5      | Identified the +5 ring mail of the Cobbler {rC- Dex+2 SInv}
  6460 | D:6      | Learned a level 2 spell: Blink
  6881 | D:6      | Found the +2 ratskin cloak {*Rats rPois rN+ Str-1 Int-1
                  | Dex+1}
  7320 | D:6      | Learned a level 2 spell: Passwall
  7840 | D:7      | Gained mutation: You sometimes lose the ability to drink
                  | potions when taking damage. [Ru sacrifice]
  7840 | D:7      | Reached **** piety under Ru
  7840 | D:7      | Reached ***** piety under Ru
  8016 | D:7      | Reached skill level 5 in Axes
  8268 | D:7      | Reached XP level 9. HP: 70/72 MP: 14/14
  8331 | D:7      | Reached skill level 6 in Earth Magic
  8747 | D:8      | Reached skill level 5 in Short Blades
  8753 | D:8      | Identified the +2 long sword "Ykuthral" {elec, Dex+3}
  8852 | D:8      | Noticed Maurice
  8873 | D:8      | Killed Maurice
  8874 | D:8      | Reached skill level 5 in Fighting
  8928 | D:8      | Reached skill level 1 in Long Blades
  8940 | D:8      | Noticed a brown ugly thing
  8950 | D:8      | Killed a brown ugly thing
  9107 | D:8      | Noticed a freezing wraith
  9126 | D:8      | Killed a freezing wraith
  9693 | D:9      | Reached XP level 10. HP: 83/83 MP: 16/16
  9696 | D:9      | Noticed a necromancer
  9704 | D:9      | Noticed a necromancer
  9718 | D:9      | Killed a necromancer
  9719 | D:9      | Reached skill level 7 in Earth Magic
  9725 | D:9      | Killed a necromancer
  9754 | D:9      | Killed from afar by an acid dragon

Illustrated notes

Levels and vault maps discovered:
D:1:      shiori_arrival_maze, layout_basic,
          dreamdust_ecumenical_altar_drowned_temple
D:2:      layout_loops_ring, serial_shops, nicolae_shop_statue_plus, shop, shop,
          shop, shop, uniq_jessica
D:3:      layout_basic, serial_shops,
          nicolae_shop_temple_entry_statues_fountains,
          minmay_increasing_density, uniq_ijyb, uniq_crazy_yiuf_cottage
D:4:      layout_cave_pools, minmay_temple_entry_glass, st_stairs_12
D:5:      layout_cave_pools, minmay_misc_feat_iff, amethyst_killhole,
          mrwooster_statue_mirror
D:6:      wander_guarded_unrand_ratskin, layout_basic, chequers_big_river
D:7:      layout_basic, minmay_misc_feat_rows
D:8:      layout_cave_pods, minmay_three_doors, uniq_maurice
D:9:      hangedman_screamer, layout_basic, mainiacjoe_overflow_small_starburst
Temple:   mainiacjoe_temple_hex_bubbles

Skill      XL: |  1  2  3  4  5  6  7  8  9 10 |
---------------+-------------------------------+-----
Dodging        | 2 0 |  0.0
Stealth        | 2 3 4 |  4.1
Fighting       | 1 2 3 4 5 6 |  6.1
Maces & Flails | 1 |  1.1
Short Blades   | 1 2 3 4 5 6 |  6.2
Earth Magic    | 4 5 6 7 |  7.1
Spellcasting   | 3 4 |  4.4
Axes           | 2 3 5 6 |  6.0
Shields        | 1 3 4 |  4.4
Long Blades    | 3 4 |  4.6
Throwing       | |  0.1
Unarmed Combat | |  0.3
Transmutations | |  1.3

Action                   |  1- 3 |  4- 6 |  7- 9 | 10-12 || total
-------------------------+-------+-------+-------+-------++-------
Melee: Unarmed           |    13 |    25 |       |       ||    38
       Tailslap          |     6 |    12 |    32 |       ||    50
       Mace              |    41 |       |       |       ||    41
       Dagger            |     4 |    73 |       |       ||    77
       Hand axe          |       |   113 |   249 |       ||   362
       Long sword        |       |       |    69 |    26 ||    95
Throw: Boomerang         |       |     3 |       |       ||     3
 Cast: Sandblast         |    30 |    36 |    28 |       ||    94
       Wereblood         |     1 |       |     1 |       ||     2
Invok: Sacrifice Nimblen |     1 |       |       |       ||     1
       Sacrifice an Eye  |       |     1 |       |       ||     1
       Sacrifice Drink   |       |       |     1 |       ||     1
       Apocalypse        |       |       |       |     1 ||     1
 Abil: Breathe Fire      |       |       |     9 |     1 ||    10
Evoke: Wand              |       |       |     1 |     4 ||     5
  Use: Scroll            |     2 |    11 |     2 |     1 ||    16
       Potion            |       |     3 |     4 |       ||     7
 Stab: Sleeping          |       |     3 |     8 |       ||    11
       Distracted        |       |     1 |     3 |       ||     4
Armor: Skin              |    21 |    63 |    87 |     6 ||   177
Dodge: Dodged            |    48 |   110 |   137 |    11 ||   306
Block: Buckler           |       |    27 |   130 |    10 ||   167

Table legend: (Time is in decaauts)
 A = Elapsed time spent in this place.
 B = Non-inter-level travel time spent in this place.
 C = Inter-level travel time spent in this place.
 D = Time resting spent in this place.
 E = Time spent auto-exploring this place.
 F = Levels seen in this place.
 G = Mean time per level.
                   A        B        C        D        E       F      G
               +--------+--------+--------+--------+--------+-----+--------+
         Total |   9870 |   9412 |    458 |   1039 |   5705 |  10 |  987.0 |
       Dungeon |   9555 |   9114 |    441 |   1039 |   5435 |   9 | 1061.7 |
        Temple |    314 |    297 |     17 |      0 |    270 |   1 |  314.0 |
               +--------+--------+--------+--------+--------+-----+--------+

Top non-repeatable levels by time:
     D:2: 1963 daAuts
     D:6: 1491 daAuts
     D:3: 1427 daAuts
     D:1: 1149 daAuts
     D:8: 1070 daAuts
     D:7: 785 daAuts
     D:5: 733 daAuts
     D:4: 680 daAuts
  Temple: 314 daAuts
     D:9: 255 daAuts
